 Dungeon Crawl Stone Soup version 0.17.0 (webtiles) character file.

100807 Leibowitz the Spry (level 16, -1/97 HPs)
             Began as a Kobold Gladiator on Nov 6, 2015.
             Was an Initiate of Okawaru.
             Slain by a dire elephant simulacrum (7 damage)
             ... in an ice cave on Nov 7, 2015.
             The game lasted 01:59:55 (28660 turns).

Leibowitz the Spry (Kobold Gladiator)              Turns: 28660, Time: 01:59:55

Health: -1/97      AC: 18    Str: 17    XL:     16   Next: 80%
Magic:  19/19      EV: 28    Int:  6    God:    Okawaru [......]
Gold:   3153       SH: 14    Dex: 30    Spells: 0 memorised, 15 levels left

rFire  . . .     SeeInvis .     a - +5 short sword (venom)
rCold  + + +     Clarity  .     J - +4 scale mail {rC+}
rNeg   . . .     SustAt   .     V - +0 shield {rC+}
rPois  .         Gourm    .     c - +1 helmet
rElec  +         Spirit   .     (no cloak)
rCorr  .         Warding  .     u - +1 pair of gloves {Str+3}
rMut   +         Stasis   .     q - +0 pair of boots {run}
MR     .....                    G - amulet "Pise" {rMut rC+}
Stlth  +++++++...               P - +5 ring of dexterity
                                v - ring "Nuablige" {rElec MR- Dex+2 Stlth+}

@: about to teleport, very slightly contaminated, quick, not resistant to
hostile enchantments, extremely stealthy
A: carnivore 3
a: Renounce Religion


You were in an ice cave.
You worshipped Okawaru.
Okawaru was noncommittal.
You were not hungry.

You visited 7 branches of the dungeon, and saw 28 of its levels.
You also visited: Labyrinth, Trove and Ice Cave.

You collected 3153 gold pieces.

Inventory:

Hand Weapons
 a - a +5 short sword of venom (weapon)
 b - the +8 hand crossbow of a treasure trove {freeze, rElec}
   (You found it in a treasure trove)

   It causes projectiles fired from it to freeze those they strike, causing
   extra injury to most foes and up to half again as much damage against
   particularly susceptible opponents.
   They can also slow down cold-blooded creatures.
   It insulates you from electricity.
 H - a +3 rapier of speed
Missiles
 d - 3 throwing nets (quivered)
 k - 18 poisoned needles
 y - 13 bolts
 B - 8 curare-tipped needles
Armour
 c - a +1 helmet (worn)
 p - a +1 leather armour of fire resistance
 q - a +0 pair of boots of running (worn)
 s - a +0 leather armour of magic resistance
 u - a +1 pair of gloves of strength (worn)
 J - a +4 scale mail of cold resistance (worn)
 V - a +0 shield of cold resistance (worn)
Jewellery
 h - an uncursed ring of protection from fire
 l - an uncursed amulet of stasis
 m - an uncursed ring of protection from cold
 n - an uncursed amulet of rage
 v - the ring "Nuablige" (left hand) {rElec MR- Dex+2 Stlth+}
   (You found it in a treasure trove)

   [ring of stealth]

   It affects your dexterity (+2).
   It insulates you from electricity.
   It affects your resistance to hostile enchantments.
   It makes you more stealthy.
 A - a +4 ring of strength
 G - the amulet "Pise" (around neck) {rMut rC+}
   (You found it in a treasure trove)

   [amulet of resist mutation]

   It protects you from mutation.
   It protects you from cold.
 M - an uncursed ring of teleportation
 P - a +5 ring of dexterity (right hand)
Wands
 t - a wand of draining (6)
 x - a wand of flame (13)
 F - a wand of paralysis (13)
Scrolls
 g - 12 scrolls of identify
 C - a scroll of remove curse
Potions
 i - 7 potions of agility
 j - 2 potions of cure mutation
 r - 3 potions of flight
 w - 7 potions of curing
 I - a potion of might
 L - a potion of resistance
Comestibles
 e - 9 meat rations
 f - 13 slices of pizza
 o - 7 beef jerkies


   Skills:
 + Level 10.0 Fighting
 + Level 15.2 Short Blades
 + Level 3.4 Throwing
 + Level 7.9 Armour
 + Level 15.6 Dodging
 - Level 15.0 Stealth
 + Level 9.9 Shields
 + Level 2.5 Invocations
 + Level 4.6 Evocations


You had 15 spell levels left.
You didn't know any spells.

Dungeon Overview and Level Annotations

Branches:
Dungeon (12/15)            Temple (0/1) D:6            Lair (8/8) D:8
 Shoals (1/4) Lair:5       Spider (1/4) Lair:3        Slime (1/6) Lair:6
    Orc (4/4) D:12            Elf (1/3) Orc:4

Altars:
Ashenzari
Cheibriados
Dithmenos
Elyvilon
Gozag
Nemelex Xobeh
Okawaru
Trog
Vehumet
Xom
Yredelemnul
Zin
The Shining One
Beogh

Shops:
D:4 [}

Annotations:
Lair:1 exclusion: spiny frog
Lair:8 Nessos


Innate Abilities, Weirdness & Mutations

You are small and have problems with some larger weapons.
You are carnivorous and can eat meat at any time.


Message History

The dire elephant simulacrum is too large for the net to hold!
The dire elephant simulacrum tramples you.
* * * LOW HITPOINT WARNING * * *
The dire elephant simulacrum freezes you!
You resist.
* * * LOW HITPOINT WARNING * * *
The dire elephant simulacrum trunk-slaps you but does no damage.
Read which item? (? for menu, Esc to quit)
As you read the scroll of teleportation, it crumbles to dust.
You feel strangely unstable.
The dire elephant simulacrum tramples you.
* * * LOW HITPOINT WARNING * * *
The dire elephant simulacrum freezes you.
You resist.
* * * LOW HITPOINT WARNING * * *
The dire elephant simulacrum trunk-slaps you.
* * * LOW HITPOINT WARNING * * *
The dire elephant simulacrum freezes you!
You resist.
You die...

#### #..#
##..##
##....#
#..(..##
#..#Z..#
#..###@.##
#.# ##..#
#.§ ##.#
#§ ##.# §
#.## #.
#.## #..#
##.# ##.#


You could see a dire elephant simulacrum.

Vanquished Creatures
  Maud (Lair:4)
  A blizzard demon (IceCv)
  A minotaur (Lab)
  Josephine (Lair:6)
  Harold (D:12)
  6 hydras
  10 death yaks
  Urug (Lair:4)
  Nergalle (Lair:1)
  5 ice devils (IceCv)
  5 skeletal warriors (D:11)
  A deep elf summoner (Elf:1)
  Pikel (D:6)
  An unseen horror (D:12)
  2 griffons
  A deep elf conjurer (Elf:1)
  An orc knight (Orc:3)
  4 hill giants
  An ugly thing (D:12)
  A manticore (D:11)
  2 orc sorcerers (Orc:3)
  Maurice (Orc:3)
  A gargoyle (D:10)
  8 black mambas
  9 spiny frogs
  A demonic crawler (Lair:3)
  A golden dragon simulacrum (IceCv)
  5 komodo dragons
  A minotaur zombie (Lab)
  A tormentor (Lair:7)
  4 freezing wraiths (IceCv)
  2 blue devils (IceCv)
  6 trolls
  A jumping spider (Spider:1)
  A snapping turtle (Lair:5)
  33 blink frogs
  The ghost of Clownie the Shield-Bearer, an amateur FoFi (D:4)
  6 polar bears (Lair:7)
  3 two-headed ogres
  4 deep elf magi (Elf:1)
  47 yaks
  A wyvern (Lair:5)
  A tarantella (Spider:1)
  3 deep elf fighters (Elf:1)
  Grum (Lair:1)
  2 hungry ghosts
  4 iron troll simulacra (IceCv)
  5 wraiths
  10 hippogriffs
  A death yak simulacrum (IceCv)
  5 wargs
  10 wolves
  3 sky beasts
  A soldier ant (D:10)
  3 harpy simulacra (IceCv)
  13 water moccasins
  11 orc warriors
  5 hydra simulacra (IceCv)
  3 phantoms
  3 ice beasts (D:7)
  2 wasps
  2 black bears
  9 centaurs
  12 ogres
  11 porcupines
  20 crocodiles
  3 big kobolds (D:12)
  27 giant frogs
  4 scorpions
  A wyvern skeleton (D:7)
  6 electric eels
  4 killer bees
  5 hounds
  A wasp zombie (D:12)
  4 wights (D:8)
  2 draconian simulacra (IceCv)
  A giant frog zombie (D:11)
  2 jellies (D:11)
  4 crimson imps
  3 centaur skeletons
  15 orc priests
  Ijyb (D:3)
  23 orc wizards
  3 centaur zombies
  3 giant frog skeletons
  Terence (D:3)
  2 spriggan simulacra (IceCv)
  4 iguanas
  6 hell rats
  16 worker ants
  3 centaur simulacra (IceCv)
  A killer bee zombie (D:5)
  10 sheep
  3 troll simulacra (IceCv)
  A wolf simulacrum (IceCv)
  2 hound skeletons
  A worker ant zombie (D:6)
  An ogre simulacrum (IceCv)
  14 adders
  33 river rats
  2 naga simulacra (IceCv)
  3 shadow imps
  15 white imps
  5 ufetubi (IceCv)
  3 adder skeletons
  An adder zombie (D:8)
  5 worms
  6 giant geckos
  138 orcs
  8 giant cockroaches
  2 gnoll zombies (D:4)
  6 hobgoblins
  6 jackals
  6 quokkas
  A ball python (D:3)
  12 bats
  11 giant newts
  10 goblins
  6 kobolds
  A quokka skeleton (D:4)
  10 rats
  A plant (Lair:7)
793 creatures vanquished.

Vanquished Creatures (others)
  A swamp worm (shapeshifter) (D:8)
  An orc wizard (Orc:3)
  A kobold (D:1)
  15 fungi
  2 plants
20 creatures vanquished.

Grand Total: 813 creatures vanquished

Notes
Turn   | Place    | Note
--------------------------------------------------------------
     0 | D:1      | Leibowitz the Kobold Gladiator began the quest for the Orb.
     0 | D:1      | Reached XP level 1. HP: 12/12 MP: 1/1
   134 | D:1      | Reached XP level 2. HP: 15/17 MP: 2/2
   480 | D:1      | Reached XP level 3. HP: 22/22 MP: 3/3
   617 | D:1      | Reached skill level 1 in Stealth
   955 | D:2      | Reached XP level 4. HP: 27/27 MP: 4/4
  1383 | D:3      | Noticed Terence
  1394 | D:3      | Killed Terence
  1394 | D:3      | Reached XP level 5. HP: 26/31 MP: 5/5
  1416 | D:3      | You fall through a shaft!
  1595 | D:3      | Reached skill level 1 in Armour
  1607 | D:3      | Reached skill level 5 in Dodging
  1857 | D:3      | Found a white marble altar of Elyvilon.
  1862 | D:3      | Reached skill level 5 in Short Blades
  1903 | D:3      | Noticed a giant frog
  1907 | D:3      | Killed a giant frog
  1907 | D:3      | Reached XP level 6. HP: 25/36 MP: 6/6
  2021 | D:3      | Noticed Ijyb
  2038 | D:3      | Killed Ijyb
  2181 | D:3      | Found a shadowy altar of Dithmenos.
  2575 | D:3      | Found an iron altar of Okawaru.
  2578 | D:3      | Became a worshipper of Warmaster Okawaru
  2580 | D:3      | Found a glowing golden altar of the Shining One.
  2582 | D:3      | Found a bloodstained altar of Trog.
  2773 | D:4      | Found an opulent altar of Gozag.
  2859 | D:4      | Found Qurghiefi's Gadget Emporium.
  2894 | D:4      | Gained mutation: You have large cloven feet. [potion of mutation]
  2894 | D:4      | Gained mutation: You are partially covered in iridescent scales (AC +4). [potion of mutation]
  2894 | D:4      | Gained mutation: Scrolls take you a little longer to read. [potion of mutation]
  2895 | D:4      | Lost mutation: Scrolls take you a little longer to read. [potion of cure mutation]
  2895 | D:4      | Lost mutation: You are partially covered in iridescent scales (AC +4). [potion of cure mutation]
  2895 | D:4      | Lost mutation: You have large cloven feet. [potion of cure mutation]
  2988 | D:4      | Found Ifui's Food Shoppe.
  3100 | D:4      | Noticed Clownie's ghost (amateur FoFi)
  3197 | D:4      | Killed Clownie's ghost
  3197 | D:4      | Reached * piety under Okawaru
  3197 | D:4      | Reached skill level 5 in Stealth
  3197 | D:4      | Reached XP level 7. HP: 22/41 MP: 7/7
  3373 | D:4      | Reached skill level 6 in Stealth
  3375 | D:4      | Found a basalt altar of Yredelemnul.
  3637 | D:4      | Found Dyos's Armour Emporium.
  3764 | D:4      | Found a shattered altar of Ashenzari.
  3852 | D:5      | Entered Level 5 of the Dungeon
  4306 | D:5      | Reached XP level 8. HP: 46/46 MP: 8/8
  4906 | D:5      | Reached skill level 7 in Stealth
  4955 | D:5      | Reached ** piety under Okawaru
  4982 | D:5      | Found a shimmering altar of Xom.
  5273 | D:6      | Found a staircase to the Ecumenical Temple.
  5366 | D:6      | Reached XP level 9. HP: 47/52 MP: 9/9
  5730 | D:6      | Noticed Pikel
  5774 | D:6      | Killed Pikel
  5774 | D:6      | Reached skill level 8 in Dodging
  5774 | D:6      | Reached skill level 1 in Evocations
  6017 | D:7      | Found a glowing silver altar of Zin.
  6028 | D:7      | Reached *** piety under Okawaru
  6167 | D:7      | Reached skill level 9 in Dodging
  6435 | D:7      | Reached XP level 10. HP: 58/58 MP: 11/11
  6493 | D:7      | Reached **** piety under Okawaru
  6745 | D:7      | Noticed a hill giant
  6748 | D:7      | Killed a hill giant
  6748 | D:7      | Received a gift from Okawaru
  6748 | D:7      | Reached skill level 10 in Dodging
  6748 | D:7      | Reached skill level 10 in Stealth
  7077 | D:8      | Reached skill level 5 in Armour
  7081 | D:8      | Reached skill level 5 in Fighting
  7451 | D:8      | Found a staircase to the Lair.
  7603 | D:8      | Found a shimmering altar of Xom.
  7603 | D:8      | Found a shimmering altar of Xom.
  7603 | D:8      | Found a shimmering altar of Xom.
  7607 | D:8      | Found a shimmering altar of Xom.
  7817 | D:8      | Reached ***** piety under Okawaru
  7951 | Lair:1   | Entered Level 1 of the Lair of Beasts
  8238 | D:9      | Reached XP level 11. HP: 64/64 MP: 12/12
  8645 | D:9      | Found a radiant altar of Vehumet.
  8645 | D:9      | Found a sparkling altar of Nemelex Xobeh.
  8645 | D:9      | Found a snail-covered altar of Cheibriados.
  8684 | D:9      | Reached skill level 11 in Stealth
  8865 | D:10     | Entered Level 10 of the Dungeon
  8955 | D:10     | Noticed a hill giant
  8962 | D:10     | Killed a hill giant
  8962 | D:10     | Reached skill level 1 in Shields
  9016 | D:10     | Reached skill level 10 in Short Blades
  9534 | D:10     | Identified Iskenderun's Handbook of Combat Magic
  9536 | D:10     | Noticed a hill giant
  9586 | D:10     | Killed a hill giant
  9586 | D:10     | Received a gift from Okawaru
  9634 | D:10     | Got a spiked plate armour {god gift}
  9645 | D:10     | Identified the +1 plate armour of Greater Demons {+Fly Regen+ Dex+2 SInv} (Okawaru gifted it to you on level 10 of the Dungeon)
 10138 | D:11     | Noticed a manticore
 10145 | D:11     | Killed a manticore
 10145 | D:11     | Reached skill level 12 in Stealth
 10531 | D:11     | Noticed a skeletal warrior
 10531 | D:11     | Noticed a skeletal warrior
 11080 | D:8      | Reached XP level 12. HP: 70/70 MP: 13/13
 11934 | Lair:1   | Noticed a spiny frog
 11935 | Lair:1   | Noticed Nergalle
 12005 | Lair:1   | Noticed a seven-headed hydra
 12349 | Lair:2   | Received a gift from Okawaru
 12352 | Lair:2   | Got a pair of translucent boots {god gift}
 12358 | Lair:2   | Identified the -7 pair of boots "Nulanlo" {Dex+4} (Okawaru gifted it to you on level 2 of the Lair of Beasts)
 13203 | Lair:3   | Noticed a four-headed hydra
 13232 | Lair:3   | Killed a four-headed hydra
 13497 | Lair:3   | Reached skill level 5 in Shields
 14199 | Lair:3   | Reached skill level 13 in Dodging
 14226 | Lair:3   | Found a hole to the Spider Nest.
 14271 | Lair:3   | Reached XP level 13. HP: 76/76 MP: 14/14
 14470 | Spider:1 | Entered Level 1 of the Spider Nest
 14718 | Lair:4   | Noticed Maud
 14723 | Lair:4   | Killed Maud
 14997 | Lair:4   | Noticed Urug
 15011 | Lair:4   | Killed Urug
 15359 | Lair:5   | Received a gift from Okawaru
 15572 | Lair:5   | Found a labyrinth entrance.
 15581 | Lab      | Entered a labyrinth
 15871 | Lab      | Noticed a minotaur
 15891 | Lab      | Killed a minotaur
 15903 | Lab      | Got a twitching golden amulet
 15934 | Lab      | Identified the amulet of Perfectionism {Spirit Int+3} (You found it in a labyrinth)
 16078 | Lair:5   | Found a staircase to the Shoals.
 16245 | Lair:4   | Received a gift from Okawaru
 16245 | Lair:4   | Reached skill level 14 in Stealth
 17237 | Shoals:1 | Entered Level 1 of the Shoals
 17498 | Lair:6   | Noticed Josephine
 17538 | Lair:6   | Killed Josephine
 17599 | Lair:6   | Reached XP level 14. HP: 53/84 MP: 16/16
 17879 | Lair:6   | Found a staircase to the Slime Pits.
 17887 | Slime:1  | Entered Level 1 of the Pits of Slime
 17888 | Slime:1  | Noticed an acid blob
 19274 | Lair:7   | Reached ****** piety under Okawaru
 19664 | Lair:7   | Received a gift from Okawaru
 19908 | Lair:7   | Noticed a seven-headed hydra
 19934 | Lair:7   | Killed a seven-headed hydra
 20473 | Lair:8   | Entered Level 8 of the Lair of Beasts
 20566 | Lair:8   | Noticed Nessos
 21113 | Lair:1   | Noticed Grum
 21147 | Lair:1   | Killed Grum
 21193 | Lair:1   | Killed a seven-headed hydra
 21500 | Lair:1   | Noticed a spiny frog
 21516 | Lair:1   | Killed a spiny frog
 21787 | Lair:1   | Killed Nergalle
 21787 | Lair:1   | Reached XP level 15. HP: 89/89 MP: 15/17
 21791 | Lair:1   | Killed a spiny frog
 22063 | D:11     | Received a gift from Okawaru
 22517 | D:11     | Noticed a skeletal warrior
 22518 | D:11     | Noticed a skeletal warrior
 22518 | D:11     | Noticed a skeletal warrior
 22558 | D:11     | Killed a skeletal warrior
 22558 | D:11     | Reached skill level 15 in Stealth
 22788 | D:11     | Killed a skeletal warrior
 22954 | D:11     | Killed a skeletal warrior
 22959 | D:11     | Killed a skeletal warrior
 23300 | D:11     | Killed a skeletal warrior
 23721 | D:12     | Received a gift from Okawaru
 23724 | D:12     | Got a translucent chain mail {god gift}
 23735 | D:12     | Identified the +1 chain mail of Kyecvid {*Corrode rN+ Str+6} (Okawaru gifted it to you on level 12 of the Dungeon)
 23843 | D:12     | Found a portal to a secret trove of treasure.
 23877 | Trove    | Entered a treasure trove
 23914 | Trove    | Got a glittering tin ring
 23924 | Trove    | Got a jewelled long sword
 23936 | Trove    | Got a transparent emerald amulet
 23938 | Trove    | Got a faintly glowing hand crossbow
 23997 | D:12     | Identified the +11 long sword of Qywat {pain, *Contam MR+ Dex+4} (You found it in a treasure trove)
 24000 | D:12     | Identified the amulet "Pise" {rMut rC+} (You found it in a treasure trove)
 24002 | D:12     | Identified the ring "Nuablige" {rElec MR- Dex+2 Stlth+} (You found it in a treasure trove)
 24081 | D:12     | Reached skill level 15 in Dodging
 24081 | D:12     | Reached XP level 16. HP: 94/96 MP: 17/19
 24094 | D:12     | Identified a +0 pair of boots of running (You found it in a treasure trove)
 24096 | D:12     | Identified the +8 hand crossbow of a treasure trove {freeze, rElec} (You found it in a treasure trove)
 24137 | D:12     | Noticed Harold
 24146 | D:12     | Killed Harold
 24490 | D:12     | Found a staircase to the Orcish Mines.
 24919 | Orc:1    | Entered Level 1 of the Orcish Mines
 25961 | Orc:3    | Noticed Maurice
 25964 | Orc:3    | Killed Maurice
 26127 | Orc:3    | Found a roughly hewn altar of Beogh.
 26851 | Orc:4    | Entered Level 4 of the Orcish Mines
 27028 | Orc:4    | Found a staircase to the Elven Halls.
 27042 | Elf:1    | Entered Level 1 of the Elven Halls
 27059 | Elf:1    | Reached skill level 15 in Short Blades
 27276 | Elf:1    | Found a frozen archway.
 27329 | IceCv    | Entered an ice cave
 28521 | IceCv    | Reached skill level 10 in Fighting
 28660 | IceCv    | Slain by a dire elephant simulacrum

Action                   |  1- 3 |  4- 6 |  7- 9 | 10-12 | 13-15 | 16-18 || total
-------------------------+-------+-------+-------+-------+-------+-------++-------
Melee: Rapier            |   125 |   156 |    28 |    62 |    72 |       ||   443
       Dagger            |       |    23 |   358 |  1118 |   163 |       ||  1662
       Short sword       |       |       |       |       |  1150 |   932 ||  2082
Throw: Throwing net      |     3 |     1 |       |     7 |     3 |     2 ||    16
Invok: Heroism           |       |       |       |       |     2 |       ||     2
 Abil: Evoke Berserk Rag |       |       |       |     5 |     7 |       ||    12
Evoke: Wand              |       |       |     4 |    11 |    19 |     4 ||    38
  Use: Scroll            |       |    10 |     3 |     2 |     6 |     1 ||    22
       Potion            |       |     4 |     4 |     3 |     4 |    10 ||    25
 Stab: Sleeping          |     1 |    16 |    11 |    37 |    59 |    28 ||   152
       Distracted        |       |     1 |     3 |     2 |     5 |    11 ||    22
       Held in net/web   |       |     1 |       |     6 |     1 |     1 ||     9
  Eat: Chunk             |     9 |     4 |    13 |    38 |    37 |    10 ||   111
